 Dungeon Crawl Stone Soup version 0.31-a0-744-gbc345e7fcb (webtiles) character file.

Game seed: 1199478146485650733

293 javelincjr the Conjurer (level 6, -3/35 (36) HPs)
             Began as an Octopode Conjurer on Sept 13, 2023.
             Succumbed to Crazy Yiuf's poison
             ... on level 3 of the Dungeon.
             The game lasted 00:09:59 (3163 turns).

javelincjr the Conjurer (Octopode Conjurer)         Turns: 3163, Time: 00:09:59

HP:   -3/35 (36)    AC:  1    Str:  7    XL:     6   Next: 33%
MP:   6/11          EV: 13    Int: 25    God:
Gold: 87            SH:  0    Dex: 10    Spells: 6/12 levels left

rFire   . . .        e - +5 whip of Chaos {holy, Int+3}
rCold   . . .        (no shield)
rNeg    . . .        (helmet restricted)
rPois   .            d - amulet of regeneration
rElec   .            (no ring)
rCorr   .            (no ring)
SInv    .            (no ring)
Will    .....        (no ring)
Stlth   +++          (no ring)
HPRegen 1.05/turn    (no ring)
MPRegen 0.12/turn    (no ring)
                     (no ring)

%: no passive effects
@: lethally poisoned (-3 -> -18), lightly drained
A: almost no armour, amphibious, 8 rings, camouflage 1, gelatinous body 1,
(nimble swimmer 1), tentacles
a: no special abilities


You were on level 3 of the Dungeon.
You visited 1 branch of the dungeon, and saw 3 of its levels.

You collected 87 gold pieces.

Inventory:

Hand Weapons
 e - the +5 whip of Chaos (weapon) {holy, Int+3}
   (You found it on level 2 of the Dungeon)

   Int+3:     It affects your intelligence (+3).
 g - a +2 spectral club
Jewellery
 d - an amulet of regeneration (around mantle)
 i - an amulet of the acrobat
 m - a ring of ice
Wands
 f - a wand of charming (10)
Scrolls
 b - 6 scrolls of identify {unknown}
 c - a scroll of teleportation {unknown}
 l - a scroll of fear {unknown}
Potions
 a - 3 potions of magic
 h - a potion of heal wounds {unknown}
 j - a potion of lignification {unknown}
 k - a potion of ambrosia {unknown}
 n - 3 potions of curing {unknown}
 o - a potion of might {unknown}
 p - a potion of mutation {unknown}


   Skills:
 + Level 1.8 Maces & Flails
 + Level 3.2 Dodging
 + Level 4.5 Stealth
 * Level 3.8 Spellcasting
 + Level 4.7 Conjurations


You had 6 spell levels left.
You knew the following spells:

 Your Spells              Type           Power      Damage    Failure   Level
a - Magic Dart            Conj           100%       1d8       1%          1
b - Searing Ray           Conj           56%        2d6       1%          2
c - Call Canine Familiar  Summ           4%         N/A       28%         3

Your spell library contained the following spells:

 Spells                   Type           Power      Damage    Failure   Level
 Summon Small Mammal      Summ           16%        N/A       10%         1
 Dazzling Flash           Conj/Hex       32%        N/A       11%         3
 Summon Guardian Golem    Hex/Summ       4%         N/A       28%         3
 Fulminant Prism          Conj/Hex       8%         3d7       34%         4
 Iskenderun's Mystic Bla  Conj/Tloc      16%        2d5       34%         4


Dungeon Overview and Level Annotations

Branches:
Dungeon (3/15)

Altars:
Uskayaw
Xom

Shops:
D:1 [


Innate Abilities, Weirdness & Mutations

You cannot wear most types of armour.
You are amphibious.
You can wear up to eight rings at the same time.
Your skin changes colour to match your surroundings (Stealth+).
Your rubbery body absorbs attacks. (AC +1, EV +1)
((You are camouflaged when in or above water. (Stealth+)))
You have tentacles for arms and can constrict up to eight enemies at once.


Message History

You see here 5 stones.
Found a stone staircase leading up.
There is a stone staircase leading up here.
n - 3 amethyst potions (gained 1)
A bat comes into view.
You see here a sedimented green potion.
The magic dart hits the bat!
You kill the bat!
p - a sedimented green potion
There is a stone staircase leading up here.
You see here a bat corpse.
Found a stone staircase leading up.
There is a stone staircase leading up here.
There is a stone staircase leading up here.
Found a stone staircase leading down.
There is a stone staircase leading down here.
There is a stone staircase leading down here.
You open the door.
Crazy Yiuf shouts!
Casting: Magic Dart (safe; 1% risk of failure)
Confirm with . or Enter, or press ? or * to list all spells.
Aiming: Searing Ray (safe; 1% risk of failure)
Press: ? - help, Shift-Dir - straight line, f - Crazy Yiuf
Aim: Crazy Yiuf, wielding a +3 quarterstaff of chaos and wearing a +0 cloak (82% to hit)
The searing ray hits Crazy Yiuf.
Crazy Yiuf is moderately wounded. (Press . to maintain the ray.)
The searing ray hits Crazy Yiuf.
Crazy Yiuf is moderately wounded.
Crazy Yiuf hits you with a +3 quarterstaff of chaos!
You feel drained.
The searing ray hits Crazy Yiuf.
Crazy Yiuf is severely wounded.
Crazy Yiuf hits you with a +3 quarterstaff of chaos!
* * * LOW HITPOINT WARNING * * *
You are lethally poisoned!
The searing ray hits Crazy Yiuf!
You kill Crazy Yiuf!
You finish channelling your searing ray.
You die...

### ♣♣#### ####
#)..#♣♣ ♣♣..#.##
#...
#...)@♣♣♣♣......#
#.##
#...#♣..♣.......#
#.## ###
♣♣♣.♣...##.###.##
♣♣♣♣♣##........
######### ### ###
# #.# #.#
#.####### #.#
#.......#
#.######


There were no monsters in sight!

Vanquished Creatures
  Sigmund (D:2)
  Crazy Yiuf (D:3)
  Jessica (D:2)
  Terence (D:3)
  2 adders (D:2)
  2 dart slugs
  2 orcs (D:3)
  6 bats
  7 endoplasms
  7 giant cockroaches
  3 goblins
  4 hobgoblins
  3 jackals (D:1)
  5 kobolds
  3 quokkas (D:1)
  A ball python (D:2)
  3 frilled lizards (D:2)
  6 rats
58 creatures vanquished.

Notes
Turn   | Place    | Note
-------+----------+-------------------------------------------
     0 | D:1      | javelincjr the Octopode Conjurer began the quest for the
                  | Orb.
     0 | D:1      | Reached XP level 1. HP: 11/11 MP: 3/3
   299 | D:1      | Reached XP level 2. HP: 16/17 MP: 0/5
   302 | D:1      | Learned a level 2 spell: Searing Ray
   447 | D:1      | Found Udiakor's Antique Armour Emporium.
   804 | D:1      | Reached XP level 3. HP: 20/21 MP: 2/6
  1309 | D:2      | Identified the +5 whip of Chaos {holy, Int+3}
  1451 | D:2      | Noticed Jessica
  1454 | D:2      | Killed Jessica
  1455 | D:2      | Reached XP level 4. HP: 16/27 MP: 6/8
  1672 | D:2      | Found a hide-covered altar of Uskayaw.
  1826 | D:2      | Noticed Sigmund
  1834 | D:2      | Learned a level 3 spell: Call Canine Familiar
  1856 | D:2      | Killed Sigmund
  1857 | D:2      | Reached skill level 1 in Maces & Flails
  1857 | D:2      | Reached XP level 5. HP: 31/31 MP: 2/10
  1857 | D:2      | Reached XP level 6. HP: 36/36 MP: 2/11
  2317 | D:3      | Found a shimmering altar of Xom.
  2571 | D:3      | Found a runed translucent door.
  2572 | D:3      | Noticed Crazy Yiuf
  2659 | D:3      | Noticed Terence
  2693 | D:3      | Killed Terence
  3163 | D:3      | Killed Crazy Yiuf
  3163 | D:3      | Succumbed to Crazy Yiuf's poison

Illustrated notes

Levels and vault maps discovered:
D:1:      lemuel_arrival_muddy, layout_basic, serial_shops, shop,
          minmay_worlds_worst_comb
D:2:      layout_basic, basic_altar, minmay_hexomino_c4, uniq_jessica,
          uniq_sigmund
D:3:      layout_loops_ring, pf_just_have_faith, uniq_crazy_yiuf_cottage,
          uniq_terence

Skill      XL: |  1  2  3  4 |
---------------+-------------+-----
Stealth        | 3 4 |  4.5
Spellcasting   | 3 |  3.8
Maces & Flails | 1 |  1.8
Dodging        | 3 |  3.2
Conjurations   | |  4.7

Action                     |  1- 3 |  4- 6 || total
---------------------------+-------+-------++-------
  Melee: Unarmed           |    15 |       ||    15
         Tentacles         |     7 |     2 ||     9
         Constrict         |     5 |     2 ||     7
         Whip              |     3 |     9 ||    12
   Cast: Magic Dart        |    61 |    31 ||    92
         Searing Ray       |     2 |     3 ||     5
         Call Canine Famil |       |     2 ||     2
   Stab: Sleeping          |     1 |     2 ||     3
 Armour: Skin              |     9 |     3 ||    12
  Dodge: Dodged            |    11 |     4 ||    15

Table legend: (Time is in decaauts)
 A = Elapsed time spent in this place.
 B = Non-inter-level travel time spent in this place.
 C = Inter-level travel time spent in this place.
 D = Time resting spent in this place.
 E = Time spent auto-exploring this place.
 F = Levels seen in this place.
 G = Mean time per level.
                   A        B        C        D        E       F      G
               +--------+--------+--------+--------+--------+-----+--------+
         Total |   3162 |   3075 |     87 |     51 |   2690 |   3 | 1054.0 |
       Dungeon |   3162 |   3075 |     87 |     51 |   2690 |   3 | 1054.0 |
               +--------+--------+--------+--------+--------+-----+--------+

Top non-repeatable levels by time:
     D:1: 1298 daAuts
     D:2: 945 daAuts
     D:3: 919 daAuts
